 Dungeon Crawl Stone Soup version 0.22-a0-63-geddfa9b (webtiles) character file.

79 Amnesiac the Gusty (level 4, 0/27 HPs)
             Began as a Tengu Air Elementalist on Jan 10, 2018.
             Shot with an arrow by a centaur (10 damage)
             ... on level 5 of the Dungeon.
             The game lasted 00:05:12 (1219 turns).

Amnesiac the Gusty (Tengu Air Elementalist)         Turns: 1219, Time: 00:05:12

Health: 0/27       AC:  2    Str:  9    XL:     4   Next: 37%
Magic:  8/8        EV: 13    Int: 16    God:
Gold:   71         SH:  0    Dex: 14    Spells: 2/7 levels left

rFire    . . .     SeeInvis .   l - staff of wizardry
rCold    . . .     Gourm    .   (no shield)
rNeg     . . .     Faith    .   a - +0 robe
rPois    .         Spirit   .   (helmet restricted)
rElec    .         Reflect  .   (no cloak)
rCorr    .         Harm     .   (no gloves)
MR       .....                  (boots unavailable)
Stlth    ++........             (no amulet)
HPRegen  0.09/turn              (no ring)
MPRegen  0.11/turn              (no ring)

@: no status effects
A: beak, talons 3
a: no special abilities


You were on level 5 of the Dungeon.
You were hungry.

You visited 1 branch of the dungeon, and saw 5 of its levels.

You collected 71 gold pieces.

Inventory:

Armour
 a - a +0 robe (worn)
 m - a +0 cloak
Magical Staves
 l - an uncursed staff of wizardry (weapon)
Scrolls
 g - a scroll of noise {!r, unknown}
 h - a scroll of amnesia {!r, unknown}
 i - a scroll of immolation {!r, unknown}
 j - a scroll of identify {!r, unknown}
 k - a scroll of teleportation {!r, unknown}
Potions
 d - 2 potions of agility {!q, unknown}
Books
 b - a book of Air

   Spells                             Type                      Level
   a - Shock                          Conjuration/Air              1
   b - Swiftness                      Charms/Air                   2
   c - Static Discharge               Conjuration/Air              3
   d - Airstrike                      Air                          4
   e - Lightning Bolt                 Conjuration/Air              5
Comestibles
 c - 4 rations


   Skills:
 + Level 2.9 Fighting
 + Level 3.5 Dodging
 - Level 2.0 Stealth
 - Level 2.0 Spellcasting
 - Level 1.3 Conjurations
 - Level 4.0 Air Magic


You had 2 spell levels left.
You knew the following spells:

 Your Spells              Type           Power        Failure   Level  Hunger
a - Shock                 Conj/Air       ##..         2%          1    #......
b - Airstrike             Air            ##........   16%         4    #####..


Dungeon Overview and Level Annotations

Branches:
Dungeon (5/15)
 Temple: D:4-7

Altars:
Makhleb
Uskayaw

Annotations:
D:5 Pikel


Innate Abilities, Weirdness & Mutations

You have a beak for a mouth.
You have claws for feet.


Message History

There is an escape hatch in the ceiling here.
There is a stone staircase leading down here.
m - a cloak
Found a morningstar.
An iguana comes into view.
Casting: Shock
Confirm with . or Enter, or press ? or * to list all spells.
Okay, then.
Unknown command.
Unknown command.
An adder skeleton comes into view.
Casting: Shock
Confirm with . or Enter, or press ? or * to list all spells.
Aiming: Shock
Press: ? - help, Shift-Dir - straight line, f - adder skeleton
Aim: an adder skeleton The zap hits the adder skeleton.
The adder skeleton is lightly damaged.
Welcome back, Amnesiac the Tengu Air Elementalist.
Press ? for a list of commands and other information.
Found a scroll labeled TIENULANOE.
You see here a morningstar.
Found a stone staircase leading down.
There is a stone staircase leading down here.
You start waiting.
All of the chunks of flesh in your inventory have rotted away.
Done waiting.
h - a scroll labeled TIENULANOE {!r} The ogre is too close now for your liking.
You are feeling hungry.
There is a stone staircase leading down here.
Really read
e - a scroll labeled HIEBBOCSITZ {!r}?
As you read the scroll labeled HIEBBOCSITZ {!r}, it crumbles to dust.
You feel blessed for a moment.
It was a scroll of remove curse {!r}.
Really read
f - a scroll labeled GYIDUA KIED {!r}?
As you read the scroll labeled GYIDUA KIED {!r}, it crumbles to dust.
You feel aware of your surroundings.
It was a scroll of magic mapping {!r}.
Okay, then.
The ogre shouts!
The ogre closely misses you.
There is a stone staircase leading down here.
You climb downwards.
Level annotation: Pikel
There is a stone staircase leading up here.
Things that are here:
a flail; a leather armour A centaur comes into view.
The centaur shouts!
The centaur wields a shortbow.
The centaur shoots an arrow.
The arrow hits you.
Found a buckler.
Found a stone staircase leading up.
You see here an arrow.
A centaur is nearby!
A leopard gecko comes into view.
The centaur shoots an arrow.
The arrow hits you.
The leopard gecko hisses angrily.
The leopard gecko bites you.
* * * LOW HITPOINT WARNING * * *
Found a scroll of remove curse.
You see here an arrow.
The centaur shoots an arrow.
The arrow hits you.
* * * LOW HITPOINT WARNING * * *
You see here an arrow.
The centaur shoots an arrow.
The arrow hits you!
You die...

< .[. c . #..!## # ###
.#....#
.....########..#.#.
.......@.l.#.?.._.
......###(...# #.#
..........(### #(#
.......#....c###.#######
. [.....
###.............. ..
..... #.......####### ..
. .. #........## p..K .
..#####.####...# #.##.
#.......## #.#'#


You could see a centaur and a leopard gecko.

Vanquished Creatures
  A crimson imp (D:5)
  A gnoll (D:5)
  2 adders
  A dart slug (D:4)
  2 orcs
  A bat (D:1)
  2 giant cockroaches
  3 hobgoblins
  A kobold (D:1)
  2 frilled lizards
  A rat (D:3)
17 creatures vanquished.

Vanquished Creatures (others)
  A leopard gecko (D:2)
1 creature vanquished.

Grand Total: 18 creatures vanquished

Notes
Turn   | Place    | Note
-------+----------+-------------------------------------------
     0 | D:1      | Amnesiac the Tengu Air Elementalist began the quest for the Orb.
     0 | D:1      | Reached XP level 1. HP: 10/10 MP: 4/4
    37 | D:1      | Reached skill level 1 in Fighting
   212 | D:2      | Reached XP level 2. HP: 16/16 MP: 0/6
   563 | D:4      | Noticed a phantom
   569 | D:4      | Reached XP level 3. HP: 21/21 MP: 4/7
   571 | D:4      | Noticed an ogre
   586 | D:5      | Entered Level 5 of the Dungeon
   691 | D:5      | Found a hide-covered altar of Uskayaw.
   692 | D:5      | Found a burning altar of Makhleb.
   767 | D:5      | Noticed Pikel
   860 | D:5      | Reached XP level 4. HP: 22/27 MP: 0/8
   874 | D:5      | Learned a level 4 spell: Airstrike
   931 | D:5      | Noticed a slave
  1209 | D:5      | Noticed a centaur
  1219 | D:5      | Shot with an arrow by a centaur

Vault maps used:
D:1:      scummos_arrival_checkerplants
D:2:      kennysheep_six_static_rooms, lemuel_blue_sif_altar,
          lemuel_old_faithful, uniq_robin, uniq_jessica
D:5:      lemuel_coloured_pillars_altar, kennysheep_mini, lemuel_crystal_altar,
          first_ration, uniq_prince_ribbit1, uniq_pikel, uniq_menkaure

Skill      XL: |  1  2  3 |
---------------+----------+-----
Fighting       | 1 2 |  2.9
Dodging        | 3 |  3.5
Stealth        | |  2.0
Spellcasting   | |  2.0
Conjurations   | |  1.3
Air Magic      | |  4.0

Action                   |  1- 3 |  4- 6 || total
-------------------------+-------+-------++-------
Melee: Unarmed           |     2 |       ||     2
       Kick              |     2 |       ||     2
 Cast: Shock             |    46 |     2 ||    48
  Use: Scroll            |       |     2 ||     2
  Eat: Chunk             |       |     1 ||     1
Armor: Robe              |     2 |       ||     2
Dodge: Dodged            |    14 |     1 ||    15

Table legend:
 A = Spawn XP
 B = Non-spawn XP
 C = Spawn XP percentage of total XP
 D = Spawn monster count
 E = Non-spawn monster count
 F = Spawn count percentage of total count
 G = Total turns spent on level
                    A         B        C        D         E        F      G
               +---------+---------+-------+---------+---------+-------+---------
         Total |       0 |     113 |   0.0 |       0 |      17 |   0.0 |  1219
               +---------+---------+-------+---------+---------+-------+---------
           D:1 |       0 |       7 |   0.0 |       0 |       4 |   0.0 |   153
           D:2 |       0 |       4 |   0.0 |       0 |       2 |   0.0 |   105
           D:3 |       0 |      19 |   0.0 |       0 |       4 |   0.0 |   305
           D:4 |       0 |       4 |   0.0 |       0 |       1 |   0.0 |   248
           D:5 |       0 |      79 |   0.0 |       0 |       6 |   0.0 |   408
               +---------+---------+-------+---------+---------+-------+---------
